Map: Zen LE

Players

Ratl - Winner!

  • Race: Protoss Protoss
  • League: Bronze
  • Spawn Location: 1:00

BioGhost

  • Race: Terran Terran
  • League: Gold
  • Spawn Location: 7:00

VOD

Have the link to the VOD?

Description

Time

  • Played on: Jan. 9, 2020, 4:59 p.m.
  • Length: 6:28
Show
View Real Time Build Order
Export as new Build Order

Ratl Protoss - Winner!

Build Orders: Double Forge 

Get SALT Encoding   

  12  0:02  Probe  
  13  0:14  Probe (Chrono Boost)  
  14  0:21  Pylon  
  14  0:26  Probe (Chrono Boost)  
  15  0:37  Probe (Chrono Boost)  
  16  0:44  Gateway  
  16  0:49  Probe  
  17  1:00  Assimilator  
  17  1:01  Probe  
  18  1:10  Gateway  
  18  1:13  Probe  
  19  1:25  Probe  
  20  1:32  Assimilator  
  20  1:37  Probe  
  21  1:40  Cybernetics Core  
  21  1:49  Probe  
  22  2:01  Probe  
  22  2:17  Robotics Facility  
  22  2:21  Pylon  
  22  2:32  Warp Gate (Chrono Boost)  
  22  2:39  Stalker x2  
  24  3:10  Probe  
  25  3:15  Stalker x2  
  25  3:18  Warp Prism  
  31  3:28  Pylon  
  31  3:46  Probe  
  32  3:59  Forge x2  
  32  4:05  Gateway  
  32  4:17  Pylon  
  32  4:19  Gateway  
  32  4:27  Protoss Ground Armor Level 1 (Chrono Boost)  
  32  4:33  Protoss Ground Weapons Level 1 (Chrono Boost)  
  32  4:45  Stalker  
  34  5:01  Stalker  
  34  5:02  Stalker  
  38  5:10  Stalker  
  40  5:31  Stalker x3  
  44  5:55  Zealot  
  46  6:07  Pylon  
  46  6:09  Pylon  
  40  6:12  Probe  
  40  6:16  Pylon  
Show
View Real Time Build Order
Export as new Build Order

BioGhost Terran 

Build Orders:  

Get SALT Encoding   

  12  0:02  SCV  
  13  0:18  Supply Depot  
  13  0:23  Refinery  
  13  0:24  SCV  
  14  0:45  Barracks  
  14  0:47  SCV  
  15  0:59  SCV  
  15  1:03  Refinery  
  16  1:11  SCV  
  17  1:23  SCV  
  18  1:34  Reaper  
  18  1:35  SCV, Supply Depot  
  20  1:47  SCV  
  21  1:58  Factory  
  21  1:59  SCV  
  22  2:15  Barracks Reactor  
  23  2:17  Orbital Command  
  22  2:22  Supply Depot  
  22  3:17  Starport  
  22  3:18  SCV  
  23  3:20  Barracks Tech Lab  
  23  3:22  Supply Depot  
  23  3:30  SCV, Command Center  
  24  3:36  Hellion  
  26  3:42  Hellion  
  26  3:45  Supply Depot  
  28  3:57  Marine  
  29  4:04  Liberator  
  29  4:15  Marine  
  32  4:20  Bunker  
  33  4:25  Concussive Shells  
  33  4:32  Supply Depot  
  33  4:33  Marine  
  33  4:37  Barracks  
  34  4:45  SCV x2  
  36  4:57  SCV  
  38  5:06  Starport Tech Lab  
  33  5:47  Marine x2  
  33  6:04  Marine x2  
  33  6:05  Marine  
  33  6:09  Bunker  
Tags
 
Matchup
PvT
Spawn Locations
Cross Positions
Add a new tag
Caveats
  • Supply blocks, unpowered buildings, or Contaminate may cause inaccurate times.
  • Supply counts are checked every 10 seconds.